Map: 2000 애트모스피어 - 래더

Players

GuMiho

  • Race: Terran Terran

Zoun - Winner!

  • Race: Protoss Protoss
  • League: Master

Event: DreamHack SC2 Masters Last Chance 2022

VOD

Have the link to the VOD?

Description

Time

  • Played on: Dec. 15, 2021, 5:22 a.m.
  • Length: 14:06

All games in this series

Show
View Real Time Build Order
Export as new Build Order

GuMiho Terran 

Build Orders:  

Get SALT Encoding   

  12  0:00  SCV  
  13  0:12  SCV  
  14  0:16  Supply Depot  
  14  0:24  SCV  
  15  0:38  SCV  
  15  0:39  Barracks  
  16  0:50  SCV  
  17  1:02  SCV  
  17  1:04  Refinery  
  18  1:14  SCV  
  19  1:28  Orbital Command  
  19  1:29  Supply Depot, Marine  
  20  1:45  Command Center  
  20  1:47  Marine  
  20  1:53  SCV  
  22  2:05  Marine  
  22  2:06  SCV  
  22  2:07  Factory  
  24  2:12  Refinery  
  24  2:18  SCV  
  25  2:23  Marine  
  25  2:25  Bunker  
  26  2:30  SCV  
  27  2:40  Marine  
  27  2:42  SCV  
  29  2:51  Starport, Hellion  
  31  2:56  SCV, Orbital Command  
  32  3:04  Barracks Reactor  
  31  3:08  SCV  
  31  3:12  Factory Tech Lab  
  30  3:19  Barracks  
  30  3:21  SCV  
  30  3:23  SCV  
  32  3:31  Refinery  
  32  3:33  SCV  
  33  3:35  SCV  
  33  3:36  Supply Depot, Raven  
  33  3:38  Factory Tech Lab  
  36  3:42  Marine  
  36  3:43  Marine  
  36  3:45  SCV  
  36  3:47  SCV  
  40  3:56  Engineering Bay  
  40  3:57  SCV  
  40  3:59  SCV  
  40  4:00  Siege Tank  
  45  4:06  Supply Depot, Marine  
  45  4:08  Marine  
  47  4:12  SCV x2  
  47  4:17  Barracks  
  50  4:24  SCV x2, Terran Infantry Weapons Level 1  
  50  4:27  Stimpack  
  51  4:32  Marine x2  
  51  4:34  Marine  
  51  4:38  Siege Tank  
  57  4:44  Refinery, Starport Reactor  
  57  4:45  SCV x2  
  59  4:47  Supply Depot  
  59  4:51  Marine x2  
  59  4:52  Marine  
  62  5:01  Supply Depot  
  62  5:04  Barracks Tech Lab  
  62  5:05  Supply Depot  
  62  5:09  SCV x2  
  62  5:10  Siege Tank  
  62  5:11  Supply Depot  
  67  5:17  Marine x2  
  69  5:21  SCV  
  69  5:23  Marauder, SCV  
  69  5:27  Medivac x2  
  75  5:36  Marauder  
  75  5:37  Combat Shield  
  75  5:38  Marine x2  
  79  5:45  Supply Depot  
  79  5:46  Supply Depot  
  79  5:48  SCV x2  
  81  5:55  Factory Reactor  
  81  5:56  Barracks  
  81  6:00  Marauder  
  81  6:01  Barracks  
  81  6:02  Marauder  
  81  6:04  Marine x2  
  86  6:07  Concussive Shells  
  82  6:19  Medivac x2  
  82  6:22  Supply Depot  
  86  6:25  Terran Infantry Armor Level 1  
  86  6:27  SCV x2  
  86  6:31  Marauder x2, Marine x2  
  94  6:45  Command Center  
  94  6:50  Marauder  
  94  6:51  Barracks Reactor, Marine  
  97  6:54  SCV  
  97  6:55  SCV  
  99  7:05  Marauder x2, Marine  
  104  7:09  Marine  
  104  7:12  Widow Mine x2  
  104  7:14  Marauder  
  110  7:22  Marine  
  110  7:23  Supply Depot  
  110  7:26  Marine  
  110  7:27  SCV x2  
  110  7:28  Supply Depot  
  112  7:35  Marauder x2  
  116  7:37  Marine x2  
  118  7:44  Medivac x2, Marine x2  
  118  7:45  SCV  
  118  7:48  SCV  
  126  7:57  Orbital Command  
  126  7:58  SCV  
  127  8:00  SCV  
  127  8:01  Supply Depot  
  127  8:03  Supply Depot  
  128  8:09  Marauder  
  129  8:19  Marauder x2, Marine x2  
  134  8:20  Marine  
  134  8:21  Marine  
  136  8:31  Marauder  
  137  8:38  Widow Mine x2, Medivac x2  
  137  8:39  Marine x2  
  137  8:40  Marauder x2  
  151  8:44  Refinery x2  
  151  8:47  Ghost Academy  
  151  8:51  Armory  
  151  8:56  SCV x3  
  154  9:10  SCV x2  
  154  9:14  Viking x2  
  160  9:18  Starport, Enhanced Shockwaves  
  160  9:23  Ghost  
  160  9:24  Ghost  
  159  9:25  Ghost  
  165  9:33  Supply Depot  
  165  9:37  Terran Infantry Weapons Level 2  
  165  9:38  Terran Ship Weapons Level 1  
  164  9:55  Viking x2, Command Center  
  148  10:06  Marauder x2  
  148  10:12  Marine  
  148  10:13  Marauder, Marine  
  148  10:14  Marine  
  149  10:17  Marine  
  149  10:19  Viking x2  
  148  10:27  Marauder, Marine  
  140  10:31  Marine x2  
  140  10:34  Marauder  
  140  10:35  Viking  
  136  10:36  Viking  
  138  10:45  Marauder  
  138  10:49  Marauder  
  138  10:53  Marine x2  
  138  10:54  Marine  
  138  10:55  Marine  
  138  10:56  Marauder  
  144  11:01  Viking  
  141  11:07  Marauder  
  141  11:10  Marauder  
  141  11:11  Marine  
  143  11:17  Marine x2  
  143  11:18  Marauder  
  148  11:19  Sensor Tower, Marine  
  148  11:21  SCV x3  
  152  11:28  Marauder  
  145  11:33  Marauder, Marine  
  145  11:35  Marine x2  
  145  11:36  Marine  
  145  11:38  SCV x3  
  145  11:39  Marine  
  151  11:43  Liberator x2  
  154  11:50  SCV x2  
  154  11:51  Liberator  
  158  11:58  Liberator  
  161  12:05  Planetary Fortress  
  154  12:16  Marauder x3, Marine x3  
  154  12:17  Marine  
  154  12:20  SCV x3  
  167  12:30  Viking x2  
  167  12:34  Viking, Marine  
  174  12:39  SCV x2  
  174  12:40  SCV  
  174  12:41  Refinery  
  174  12:43  Refinery  
  177  12:47  Missile Turret  
  177  12:52  Marauder x3, Marine x3  
  177  12:56  Missile Turret  
  186  13:03  Missile Turret  
  186  13:05  Sensor Tower  
  186  13:07  SCV x2  
  186  13:12  Supply Depot  
  188  13:14  Supply Depot  
  187  13:20  Sensor Tower  
  181  13:32  Command Center  
  181  13:34  SCV  
  182  13:38  Marauder x3, Marine  
Show
View Real Time Build Order
Export as new Build Order

Zoun Protoss - Winner!

Build Orders: 1 Gate Expand, Blink Stalkers, Colossus Rush 

Get SALT Encoding   

  12  0:00  Probe  
  13  0:12  Probe  
  14  0:17  Pylon  
  14  0:24  Probe (Chrono Boost)  
  16  0:36  Gateway, Probe (Chrono Boost)  
  16  0:43  Probe (Chrono Boost)  
  16  0:45  Assimilator  
  17  0:51  Probe  
  18  1:03  Probe  
  19  1:15  Probe  
  20  1:24  Cybernetics Core  
  20  1:32  Nexus  
  20  1:36  Probe  
  21  1:44  Pylon  
  21  1:48  Probe  
  22  1:56  Assimilator  
  22  1:59  Adept (Chrono Boost)  
  22  2:00  Probe  
  25  2:12  Probe  
  25  2:13  Warp Gate  
  25  2:21  Twilight Council  
  25  2:24  Probe  
  26  2:31  Shield Battery  
  26  2:36  Stalker (Chrono Boost)  
  26  2:37  Probe  
  29  2:44  Probe  
  29  2:49  Probe  
  31  2:56  Probe  
  32  3:01  Probe (Chrono Boost)  
  32  3:05  Stalker  
  35  3:08  Probe (Chrono Boost)  
  35  3:13  Blink (Chrono Boost), Probe (Chrono Boost)  
  35  3:19  Gateway  
  36  3:21  Probe (Chrono Boost)  
  36  3:22  Probe (Chrono Boost)  
  38  3:31  Robotics Facility  
  38  3:32  Probe  
  39  3:35  Probe  
  40  3:42  Pylon  
  40  3:44  Probe  
  40  3:47  Probe  
  42  3:56  Probe  
  42  4:01  Stalker  
  42  4:02  Probe  
  46  4:08  Probe  
  47  4:13  Stalker  
  47  4:14  Probe  
  50  4:17  Pylon  
  50  4:18  Observer  
  50  4:21  Probe  
  50  4:22  Nexus  
  52  4:26  Stalker  
  52  4:29  Assimilator  
  54  4:35  Probe  
  54  4:36  Assimilator  
  55  4:40  Observer  
  55  4:41  Shield Battery  
  55  4:43  Probe  
  55  4:45  Pylon  
  57  4:47  Probe  
  57  4:48  Stalker  
  60  4:55  Probe  
  60  4:56  Observer  
  60  4:59  Robotics Bay, Probe  
  62  5:01  Observer  
  62  5:02  Pylon  
  62  5:06  Observer  
  63  5:08  Probe  
  63  5:11  Probe  
  63  5:13  Observer  
  65  5:20  Probe  
  66  5:23  Probe  
  67  5:30  Charge (Chrono Boost)  
  67  5:32  Probe (Chrono Boost)  
  67  5:34  Gateway x2  
  67  5:37  Probe (Chrono Boost)  
  67  5:40  Probe (Chrono Boost)  
  67  5:42  Colossus (Chrono Boost)  
  69  5:44  Probe (Chrono Boost)  
  69  5:48  Probe (Chrono Boost)  
  69  5:49  Probe (Chrono Boost)  
  78  5:51  Probe (Chrono Boost)  
  78  5:52  Zealot  
  78  5:53  Probe (Chrono Boost)  
  78  5:54  Extended Thermal Lance, Probe (Chrono Boost)  
  83  5:58  Probe, Sentry  
  83  6:03  Forge  
  83  6:04  Probe  
  87  6:13  Observer  
  85  6:22  Stalker x2, Observer  
  85  6:26  Pylon  
  85  6:28  Colossus  
  85  6:29  Zealot  
  93  6:32  Pylon  
  93  6:35  Pylon  
  93  6:41  Protoss Ground Weapons Level 1  
  93  6:43  Gateway x2  
  93  6:48  Stalker x2  
  93  6:49  Gateway x2  
  93  6:51  Stalker, Zealot  
  101  7:06  Pylon  
  101  7:08  Pylon  
  101  7:12  Zealot x3, Shield Battery  
  107  7:19  Stalker  
  107  7:20  Colossus (Chrono Boost), Observer  
  115  7:23  Observer  
  115  7:28  Pylon  
  115  7:33  Pylon  
  115  7:34  Stalker x2, Pylon  
  115  7:35  Zealot  
  121  7:37  Probe  
  121  7:38  Assimilator, Probe x2  
  121  7:39  Zealot x2, Assimilator  
  128  7:44  Pylon  
  128  7:48  Robotics Facility  
  128  7:51  Pylon  
  128  7:52  Probe x3, Templar Archives  
  131  8:00  Photon Cannon  
  131  8:03  Sentry  
  131  8:04  Zealot x2, Probe x2  
  139  8:11  Warp Prism (Chrono Boost), Observer  
  136  8:27  Forge  
  136  8:34  Probe  
  132  8:35  Photon Cannon, Zealot x2  
  132  8:37  Disruptor (Chrono Boost)  
  132  8:38  Probe x2  
  135  8:44  Disruptor (Chrono Boost)  
  135  8:46  Probe  
  139  8:51  Stalker x3  
  139  8:52  Probe x2  
  147  8:58  Protoss Ground Weapons Level 2 (Chrono Boost)  
  147  8:59  Protoss Ground Armor Level 1 (Chrono Boost)  
  147  9:00  Stalker x2  
  149  9:13  Observer, Disruptor  
  152  9:20  Nexus  
  152  9:22  Pylon  
  152  9:29  Zealot x3  
  152  9:30  Zealot  
  160  9:36  Disruptor  
  163  9:39  Probe x3  
  163  9:41  Shield Battery  
  166  9:53  Disruptor  
  163  10:05  Zealot x6  
  171  10:11  Disruptor  
  170  10:15  Zealot  
  170  10:20  Dark Shrine  
  152  10:36  Zealot x7  
  152  10:39  Pylon  
  152  10:40  Gateway  
  166  10:43  Gateway  
  166  10:52  Disruptor x2  
  166  10:54  Zealot  
  167  10:59  Zealot x4  
  167  11:00  Zealot  
  175  11:09  Protoss Ground Weapons Level 3 (Chrono Boost)  
  175  11:10  Protoss Ground Armor Level 2 (Chrono Boost)  
  165  11:13  Zealot x2  
  169  11:18  Probe  
  169  11:19  Probe x3  
  173  11:26  Observer  
  173  11:28  Disruptor x2 (Chrono Boost)  
  173  11:32  High Templar x3  
  183  11:33  High Templar  
  183  11:37  Shadow Stride (Chrono Boost)  
  183  11:39  Archon  
  187  11:40  Archon  
  187  11:44  Probe  
  187  11:45  Probe x2  
  187  11:47  Assimilator x2, Pylon  
  186  12:00  Psionic Storm  
  188  12:01  Observer (Chrono Boost)  
  188  12:02  Observer (Chrono Boost)  
  188  12:05  Observer  
  188  12:07  Nexus  
  186  12:17  Pylon  
  186  12:20  Gateway  
  186  12:23  Gateway  
  186  12:29  Observer  
  186  12:35  Shield Battery  
  186  12:36  Shield Battery  
  186  12:37  Photon Cannon  
  186  12:38  Photon Cannon x3  
  186  12:40  Photon Cannon  
  186  12:43  Gravitic Boosters  
  184  12:47  Dark Templar x7  
  198  12:52  Pylon  
  198  12:55  Assimilator  
  198  12:57  Assimilator  
  198  13:02  Dark Templar  
  200  13:17  Stargate  
  198  13:40  Dark Templar x2  
  168  13:56  Zealot  
  168  13:57  Zealot x7  

Tags
 
Add a new tag
Caveats
  • Supply blocks, unpowered buildings, or Contaminate may cause inaccurate times.
  • Supply counts are checked every 10 seconds.